Map: 亡者之夜

Players

一路向前

  • Race: Terran Terran

mszy

  • Race: Zerg Zerg

VOD

Have the link to the VOD?

Description

This replay is from the coop speedrun google doc. The Horner build is fun and fast

Time

  • Played on: Aug. 28, 2018, 8:19 a.m.
  • Length: 9:54
Show
View Real Time Build Order
Export as new Build Order

一路向前 Terran 

Build Orders:  

Get SALT Encoding   

  12  0:05  Starport Tech Lab  
  12  0:08  SCV  
  13  0:25  SCV  
  13  0:29  Supply Depot  
  15  0:42  SCV  
  15  0:51  Refinery  
  16  1:04  SCV  
  16  1:15  Assault Galleon  
  17  1:21  SCV  
  17  1:38  SCV  
  18  1:43  Refinery  
  18  1:55  SCV  
  20  2:12  SCV  
  20  2:20  Armory  
  20  2:29  SCV  
  21  2:46  SCV  
  22  2:53  Refinery  
  22  2:56  Supply Depot  
  23  3:03  SCV  
  24  3:20  SCV  
  24  3:31  Fusion Core  
  24  3:36  SCV  
  24  3:37  Strike Fighter Platform  
  27  3:44  Strike Fighter Platform  
  30  3:53  SCV  
  33  4:10  SCV  
  33  4:11  Strike Fighter Platform  
  33  4:22  Strike Fighter Platform  
  33  4:27  SCV  
  36  4:36  Napalm Payload  
  37  4:44  Supply Depot, SCV  
  37  5:06  SCV, Strike Fighter Platform  
  41  5:23  SCV  
  41  5:35  Strike Fighter Platform  
  41  5:38  Strike Fighter Platform  
  46  5:40  SCV  
  46  5:57  SCV  
  49  6:03  Strike Fighter Platform  
  50  6:14  SCV  
  50  6:19  Strike Fighter Platform  
  55  6:31  SCV  
  55  6:32  Strike Fighter Platform  
  55  6:48  SCV  
  56  6:51  Engineering Bay  
  56  7:10  Assault Galleon  
  56  7:14  Assault Galleon  
  56  7:27  Jetpack Overdrive  
  56  7:39  Reaper  
  57  7:49  Hellbat  
  59  8:04  Reaper  
  60  8:14  Reaper  
  60  8:15  Reaper  
  62  8:20  Assault Galleon  
  62  8:24  Reaper  
  63  8:30  Supply Depot, LE9 Cluster Charges  
  63  8:32  Supply Depot  
  63  9:00  Reaper x3  
  63  9:10  Reaper x3  
  66  9:20  Reaper x3  
  68  9:30  Reaper x4  
Show
View Real Time Build Order
Export as new Build Order

mszy Zerg 

Build Orders:  

Get SALT Encoding   

  6  0:12  Drone x2  
  6  0:17  Drone x2  
  8  0:29  Extractor  
  7  0:32  Drone x2  
  8  0:44  Extractor  
  8  0:45  Drone x2  
  9  1:05  Drone x2  
  9  1:09  Drone x2  
  11  1:13  Drone x2  
  12  1:33  Spawning Pool  
  11  1:45  Extractor  
  11  1:47  Evolution Chamber  
  10  1:52  Drone x2  
  11  2:04  Drone x2  
  12  2:19  Overlord  
  12  2:24  Lair  
  12  2:40  Drone x2  
  13  2:51  Baneling Nest  
  13  2:56  Drone x2  
  14  3:06  Metabolic Boost  
  14  3:19  Drone x2  
  15  3:33  Hive  
  15  3:45  Overlord  
  15  3:53  Drone x2  
  18  4:03  Drone x2  
  19  4:11  Hardened Carapace  
  21  4:31  Corrosive Acid  
  21  4:45  Queen  
  24  5:11  Adrenal Overload  
  24  5:15  Unknown  
  26  5:34  Hatchery  
  27  6:11  Overlord, Shredding Claws  
  27  6:12  Overlord x3  
  27  6:14  Overlord  
  27  6:17  Hatchery  
  27  6:27  Overlord x2  
  31  7:04  Swarmling x18  
  31  7:05  Swarmling x18  
  31  7:06  Swarmling x3  
  50  7:14  Swarmling x3  
  50  7:15  Swarmling x3  
  50  7:19  Swarmling x6  
  50  8:04  Swarmling x24  
  50  8:05  Swarmling x21  
  64  8:14  Swarmling x3  
  64  8:19  Swarmling x24  
  77  8:20  Swarmling x3  
  77  8:25  Unknown  
  77  8:36  Swarmling x18  
  86  8:57  Swarmling x18  
Tags
 
Add a new tag
Caveats
  • Supply blocks, unpowered buildings, or Contaminate may cause inaccurate times.
  • Supply counts are checked every 10 seconds.